 Dungeon Crawl Stone Soup version 0.25.1-2-g60ff931df9 (webtiles) character file.

Game seed: 15997889104434034630

497 Peloso the Slasher (level 6, -5/55 HPs)
             Began as a Minotaur Fighter on Aug 13, 2020.
             Slain by an unseen horror (7 damage)
             ... on level 5 of the Dungeon.
             The game lasted 00:07:28 (3388 turns).

Peloso the Slasher (Minotaur Fighter)               Turns: 3388, Time: 00:07:29

Health: -5/55      AC: 10    Str: 19 (21) XL:     6   Next: 93%
Magic:  5/5        EV: 21    Int:  2 (5)  God:
Gold:   288        SH:  9    Dex:  8 (11) Spells: 5/5 levels left

rFire    . . .     SeeInvis .   a - +0 long sword
rCold    . . .     Gourm    .   c - +0 kite shield
rNeg     . . .     Faith    .   p - +0 chain mail
rPois    .         Spirit   .   (helmet restricted)
rElec    .         Reflect  .   (no cloak)
rCorr    .         Harm     .   (no gloves)
MR       .....                  (no boots)
Stlth    ..........             i - amulet of the acrobat
HPRegen  0.18/turn              (no ring)
MPRegen  0.09/turn              (no ring)

@: mighty, acrobat
A: retaliatory headbutt, horns 2
a: no special abilities


You were on level 5 of the Dungeon.
You were not hungry.

You visited 1 branch of the dungeon, and saw 5 of its levels.

You collected 288 gold pieces.

Inventory:

Hand Weapons
 a - a +0 long sword (weapon)
 b - a +2 vampiric whip
Armour
 c - a +0 kite shield (worn)
 p - a +0 chain mail (worn)
Jewellery
 i - an amulet of the acrobat (around neck)
Scrolls
 e - a scroll of enchant weapon {unknown}
 h - 5 scrolls of identify
 j - a scroll of remove curse
 m - a scroll of teleportation {unknown}
 n - a scroll of magic mapping {unknown}
 s - a scroll of immolation {unknown}
Potions
 g - a potion of mutation
 l - a potion of brilliance
Comestibles
 f - 13 rations
 r - 2 chunks of flesh


   Skills:
 + Level 4.9 Fighting
 + Level 5.7 Long Blades
 + Level 5.6 Armour
 + Level 1.3 Dodging
 + Level 5.2 Shields


You had 5 spell levels left.
You didn't know any spells.
Your spell library was empty.

Dungeon Overview and Level Annotations

Branches:
Dungeon (5/15)
 Temple: D:4-7

Altars:
Nemelex Xobeh
Uskayaw

Annotations:
D:2 1 transporter, Sigmund
D:4 Dowan, Duvessa


Innate Abilities, Weirdness & Mutations

You reflexively headbutt those who attack you in melee.
You have a pair of horns on your head.


Message History

You bump into the rock wall.
Something hits you but does no damage.
You barely miss something.
You feel less invigorated.
You feel less confused. Something hits you.
* * * LOW HITPOINT WARNING * * *
You miss something. Something hits you.
* * * LOW HITPOINT WARNING * * *
Something hits you.
* * * LOW HITPOINT WARNING * * *
You hit something. Something hits you but does no damage.
You closely miss something. You block something's attack.
You feel very mighty all of a sudden.
You slash something! Something hits you.
* * * LOW HITPOINT WARNING * * *
Something closely misses you. Something hits you but does no damage.
Something hits you.
* * * LOW HITPOINT WARNING * * *
Something hits you!
You die...

#.[.....#.....#
#.......#....## #......#
#.....>.#....## #......#
#.......#...... #......+
#.......#...... +......#
#.......'......
+####......#####.......#######
.............................#
...........§§@.<..............
............§.................
..............................
.............§................
###+#####'##########+#####'##.
#....# #...........## #....#
#....<)......# #....#
#............# #....#
#......>.....#


There were no monsters in sight!

Vanquished Creatures
  2 centaurs (D:5)
  A scorpion (D:5)
  A crimson imp (D:4)
  A bullfrog skeleton (D:5)
  Ijyb (D:4)
  2 worker ants (D:5)
  A hound skeleton (D:4)
  5 adders
  An adder skeleton (D:4)
  An adder zombie (D:5)
  2 worms
  4 dart slugs
  3 leopard geckos
  12 bats
  4 giant cockroaches
  4 hobgoblins
  5 kobolds
  A quokka (D:3)
  6 frilled lizards
  10 goblins
  A leopard gecko skeleton (D:3)
  7 rats
75 creatures vanquished.

Notes
Turn   | Place    | Note
-------+----------+-------------------------------------------
     0 | D:1      | Peloso the Minotaur Fighter began the quest for the Orb.
     0 | D:1      | Reached XP level 1. HP: 19/19 MP: 0/0
   202 | D:1      | Reached XP level 2. HP: 27/27 MP: 1/1
   761 | D:1      | Reached XP level 3. HP: 31/33 MP: 2/2
  1431 | D:2      | Reached XP level 4. HP: 38/41 MP: 3/3
  1474 | D:2      | Found a sparkling altar of Nemelex Xobeh.
  1474 | D:2      | Found a transporter.
  1513 | D:2      | Noticed Sigmund
  2356 | D:4      | Found a sparkling altar of Nemelex Xobeh.
  2391 | D:4      | Reached XP level 5. HP: 46/47 MP: 4/4
  2408 | D:4      | Noticed Ijyb
  2408 | D:4      | Noticed Duvessa
  2419 | D:4      | Paralysed by Ijyb for 5 turns
  2430 | D:4      | Paralysed by Ijyb for 2 turns
  2450 | D:4      | Killed Ijyb
  2472 | D:4      | Noticed Dowan
  2508 | D:5      | Entered Level 5 of the Dungeon
  2532 | D:5      | Reached skill level 5 in Long Blades
  2535 | D:5      | Reached skill level 1 in Dodging
  2535 | D:5      | Reached XP level 6. HP: 20/53 MP: 5/5
  3019 | D:5      | Noticed a +0 dagger
  3019 | D:5      | Noticed a +0 dagger
  3026 | D:5      | Reached skill level 5 in Armour
  3026 | D:5      | Reached skill level 5 in Shields
  3029 | D:5      | Found a hide-covered altar of Uskayaw.
  3374 | D:5      | HP: 1/55 [something (6)]
  3388 | D:5      | HP: 2/55 [something (4)]
  3388 | D:5      | Slain by an unseen horror

Illustrated notes

Levels and vault maps discovered:
D:1:      nicolae_arrival_washed_ashore, layout_basic
D:2:      layout_basic, first_ration, grunt_nemelex_the_gamble, uniq_sigmund
D:3:      layout_loops_cross
D:4:      layout_cave_pools, kennysheep_mini_moat, minmay_misc_feat_hallway,
          uniq_ijyb, uniq_duvessa
D:5:      layout_gridville, dancing_weapons_uskayaw

Skill      XL: |  1  2  3  4  5  6 |
---------------+-------------------+-----
Armour         | 4 5 |  5.6
Fighting       | 4 |  4.9
Shields        | 4 5 |  5.2
Long Blades    | 3 4 5 |  5.7
Dodging        | 1 |  1.3

Action                   |  1- 3 |  4- 6 || total
-------------------------+-------+-------++-------
Melee: Long sword        |    93 |   144 ||   237
       Headbutt          |    12 |    30 ||    42
  Use: Potion            |     2 |     5 ||     7
       Scroll            |       |     5 ||     5
  Eat: Chunk             |     2 |     6 ||     8
Armor: Scale mail        |    37 |     3 ||    40
       Chain mail        |       |    54 ||    54
Dodge: Dodged            |    48 |    58 ||   106
Block: Kite shield       |    50 |    86 ||   136
       Rpst.: Long sword |    12 |    12 ||    24
